| TOP OF THE 1ST |
|
Fresno Grizzlies batting - Pitching for Omaha Storm Chasers : RHP Joe Noonan
|
|
Pitching: RHP Joe Noonan
|
|
|
Batting: RHB Bruce Bermudez
|
0-0: Ball 1-0: Called Strike 1-1: Swinging Strike 1-2: Strikes out swinging
|
|
Batting: LHB Chris Cabrera
|
0-0: Called Strike 0-1: Foul Ball, location: 2F 0-2: Ball 1-2: Ball 2-2: Foul Ball, location: 2F 2-2: Ball 3-2: Foul Ball, location: 2F 3-2: SINGLE (Flyball, 6MD, EV 88.1 MPH)
|
|
Batting: RHB Elijah Hunter
|
0-0: Foul Ball, location: 2F 0-1: Swinging Strike 0-2: 2-RUN HOME RUN (Flyball, 7LD, EV 95.0 MPH), Distance : 361 ft
|
|
Batting: LHB Angelo Vasquez
|
0-0: Fly out, F8 (Line Drive, 89M, EV 96.9 MPH)
|
|
Batting: RHB Mark Marks
|
0-0: Called Strike 0-1: Called Strike 0-2: Ball 1-2: Ball 2-2: Foul Ball, location: 2F 2-2: Ball 3-2: Ground out 6-3 (Groundball, 6, EV 85.0 MPH)
|
| Top of the 1st over - 2 runs, 2 hits, 0 errors, 0 left on base; Fresno 2 - Omaha 0 |
| BOTTOM OF THE 1ST |
|
Omaha Storm Chasers batting - Pitching for Fresno Grizzlies : RHP Michael Bruce
|
|
Pitching: RHP Michael Bruce
|
|
|
Batting: LHB Jim Pankratz
|
0-0: Ground out 4-3 (Groundball, 4, EV 100.6 MPH)
|
|
Batting: RHB Walt Cogswell
|
0-0: Called Strike 0-1: Ball 1-1: Ball 2-1: Ball 3-1: Base on Balls
|
|
Batting: RHB Ken Postlethwaite
|
0-0: Ball 1-0: Swinging Strike 1-1: Ball 2-1: SINGLE (Groundball, 3L, EV 100.0 MPH) Walt Cogswell to second Runner from 2nd tries for 3rd, OUT! 9-5 Ken Postlethwaite to second
|
|
Batting: RHB Danny Weisse
|
0-0: Ball 1-0: SINGLE (Line Drive, 4MD, EV 97.5 MPH) Ken Postlethwaite to third Runner from 3rd tries for Home, SAFE, throw by CF to home
|
|
Batting: LHB Danny Bailey
|
0-0: Ball 1-0: Fly out, F7 (Flyball, 78S, EV 90.6 MPH)
|
| Bottom of the 1st over - 1 run, 2 hits, 0 errors, 1 left on base; Fresno 2 - Omaha 1 |
| TOP OF THE 2ND |
|
Fresno Grizzlies batting - Pitching for Omaha Storm Chasers : RHP Joe Noonan
|
|
Batting: SHB Paskar Adegoke
|
0-0: Called Strike 0-1: Fly out, F8 (Flyball, 78M, EV 91.2 MPH)
|
|
Batting: RHB Bill Cabrera
|
0-0: Ball 1-0: Ball 2-0: Swinging Strike 2-1: Foul Ball, location: 2F 2-2: Ground out 3-1 (Groundball, 34S, EV 86.2 MPH)
|
|
Batting: LHB Fernando Gomez
|
0-0: Ball 1-0: Called Strike 1-1: Foul Ball, location: 2F 1-2: Strikes out swinging
|
| Top of the 2nd over - 0 runs, 0 hits, 0 errors, 0 left on base; Fresno 2 - Omaha 1 |
| BOTTOM OF THE 2ND |
|
Omaha Storm Chasers batting - Pitching for Fresno Grizzlies : RHP Michael Bruce
|
|
Batting: SHB Francisco Gutierrez
|
0-0: SOLO HOME RUN (Flyball, 9LD, EV 95.6 MPH), Distance : 364 ft
|
|
Batting: RHB Yuichi Takata
|
0-0: Called Strike 0-1: Ball 1-1: Swinging Strike 1-2: Foul Ball, location: 2F 1-2: Strikes out swinging
|
|
Batting: RHB Adam Krieger
|
0-0: Called Strike 0-1: Ground out 4-3 (Groundball, 4, EV 100.0 MPH)
|
|
Batting: LHB Chris Eaker
|
0-0: Ground out 1-3 (Groundball, 13, EV 66.2 MPH)
|
| Bottom of the 2nd over - 1 run, 1 hit, 0 errors, 0 left on base; Fresno 2 - Omaha 2 |
| TOP OF THE 3RD |
|
Fresno Grizzlies batting - Pitching for Omaha Storm Chasers : RHP Joe Noonan
|
|
Batting: RHB Marty King
|
0-0: Ball 1-0: Ball 2-0: Ball 3-0: DOUBLE (Groundball, 3L, EV 106.9 MPH)
|
|
Batting: RHB Bruce Bermudez
|
0-0: Ground out 6-3 (Groundball, 6, EV 103.1 MPH)
|
|
Batting: LHB Chris Cabrera
|
0-0: Ball 1-0: Ball 2-0: Ball 3-0: Base on Balls
|
|
Batting: RHB Elijah Hunter
|
0-0: Ball 1-0: Ball 2-0: Foul Ball, location: 2F 2-1: Ball 3-1: Called Strike 3-2: Foul Ball, location: 2F 3-2: Strikes out swinging
|
|
Batting: LHB Angelo Vasquez
|
0-0: Called Strike 0-1: Foul Ball, location: 2F 0-2: Foul Ball, location: 2F 0-2: Ball 1-2: Ball 2-2: Foul Ball, location: 2F 2-2: Fly out, F8 (Flyball, 8LD, EV 102.5 MPH)
|
| Top of the 3rd over - 0 runs, 1 hit, 0 errors, 2 left on base; Fresno 2 - Omaha 2 |
| BOTTOM OF THE 3RD |
|
Omaha Storm Chasers batting - Pitching for Fresno Grizzlies : RHP Michael Bruce
|
|
Batting: LHB Jim Pankratz
|
0-0: Ball 1-0: Called Strike 1-1: Ball 2-1: Swinging Strike 2-2: TRIPLE (Line Drive, 89XD, EV 107.5 MPH)
|
|
Batting: RHB Walt Cogswell
|
0-0: Called Strike 0-1: Foul Ball, location: 2F 0-2: Ball 1-2: Strikes out swinging
|
|
Batting: RHB Ken Postlethwaite
|
0-0: Foul Ball, location: 2F 0-1: Ground out 5-3 (Groundball, 5S, EV 83.1 MPH)
|
|
Batting: RHB Danny Weisse
|
0-0: Ball 1-0: Swinging Strike 1-1: Called Strike 1-2: SINGLE (Line Drive, 4MD, EV 95.0 MPH) Jim Pankratz scores
|
|
Batting: LHB Danny Bailey
|
0-0: Foul Ball, location: 2F 0-1: Ball Danny Weisse is caught stealing 2nd base 2-6
|
| Bottom of the 3rd over - 1 run, 2 hits, 0 errors, 0 left on base; Fresno 2 - Omaha 3 |
| TOP OF THE 4TH |
|
Fresno Grizzlies batting - Pitching for Omaha Storm Chasers : RHP Joe Noonan
|
|
Batting: RHB Mark Marks
|
0-0: Ball 1-0: Called Strike 1-1: Ball 2-1: Foul Ball, location: 2F 2-2: Strikes out swinging
|
|
Pitching: RHP Kevin Fleming
|
|
|
Batting: SHB Paskar Adegoke
|
0-0: Foul Ball, location: 2F 0-1: SOLO HOME RUN (Flyball, 9LD, EV 98.8 MPH), Distance : 367 ft
|
|
Batting: RHB Bill Cabrera
|
0-0: Ball 1-0: Ball 2-0: Ball 3-0: Base on Balls
|
|
Batting: LHB Fernando Gomez
|
0-0: Swinging Strike 0-1: Ball 1-1: Ball 2-1: SINGLE (Groundball, P, EV 92.5 MPH) (infield hit) Bill Cabrera to second
|
|
Batting: RHB Marty King
|
0-0: Ball 1-0: Ball 2-0: Ball 3-0: Base on Balls Bill Cabrera to third Fernando Gomez to second
|
|
Batting: RHB Bruce Bermudez
|
0-0: Ball 1-0: Ball 2-0: Ball 3-0: Called Strike 3-1: Grounds into double play, 6-4-3 (Groundball, 6, EV 100.0 MPH)
|
| Top of the 4th over - 1 run, 2 hits, 0 errors, 2 left on base; Fresno 3 - Omaha 3 |
| BOTTOM OF THE 4TH |
|
Omaha Storm Chasers batting - Pitching for Fresno Grizzlies : RHP Michael Bruce
|
|
Batting: LHB Danny Bailey
|
0-0: Ball 1-0: Foul Ball, location: 2F 1-1: Called Strike 1-2: Ball 2-2: Foul Ball, location: 2F 2-2: Foul Ball, location: 2F 2-2: SINGLE (Line Drive, 6M, EV 110.6 MPH)
|
|
Batting: SHB Francisco Gutierrez
|
0-0: Ball 1-0: Foul Ball, location: 2F 1-1: Ball Balk! Danny Bailey to second 2-1: Foul Ball, location: 2F 2-2: Foul Ball, location: 2F 2-2: SINGLE (Line Drive, 5D, EV 107.5 MPH) Danny Bailey to third
|
|
Batting: RHB Yuichi Takata
|
0-0: Ball 1-0: Foul Ball, location: 2F 1-1: Ball Francisco Gutierrez steals 2nd base 2-1: Foul Ball, location: 2F 2-2: Strikes out looking
|
|
Batting: RHB Adam Krieger
|
0-0: Called Strike 0-1: Called Strike 0-2: Ball 1-2: Fly out, F5 (Popup, 5L, EV 68.8 MPH)
|
|
Batting: LHB Chris Eaker
|
0-0: Foul Ball, location: 2F 0-1: SINGLE (Line Drive, 8RS, EV 105.6 MPH) Danny Bailey scores Francisco Gutierrez to third Runner from 3rd tries for Home, SAFE, throw by CF to home Chris Eaker to second
|
|
Pitching: RHP Gerardo Huerta
|
|
|
Batting: LHB Jim Pankratz
|
0-0: Foul Ball, location: 2F 0-1: Ball 1-1: Foul Ball, location: 2F 1-2: Fly out, F9 (Flyball, 9D, EV 88.1 MPH)
|
| Bottom of the 4th over - 2 runs, 3 hits, 0 errors, 1 left on base; Fresno 3 - Omaha 5 |
| TOP OF THE 5TH |
|
Fresno Grizzlies batting - Pitching for Omaha Storm Chasers : RHP Kevin Fleming
|
|
Batting: LHB Chris Cabrera
|
0-0: Called Strike 0-1: Ball 1-1: Ball 2-1: DOUBLE (Line Drive, 5D, EV 95.0 MPH)
|
|
Batting: RHB Elijah Hunter
|
0-0: Called Strike 0-1: Ball 1-1: Foul Ball, location: 2F 1-2: Strikes out swinging
|
|
Batting: LHB Angelo Vasquez
|
0-0: Called Strike 0-1: Called Strike 0-2: Ball 1-2: Ball 2-2: Ball 3-2: Base on Balls
|
|
Batting: RHB Mark Marks
|
0-0: Foul Ball, location: 2F 0-1: Called Strike 0-2: Ball 1-2: Ball 2-2: Strikes out swinging
|
|
Batting: SHB Paskar Adegoke
|
0-0: Ball 1-0: Ball 2-0: Ball 3-0: Base on Balls Chris Cabrera to third Angelo Vasquez to second
|
|
Batting: RHB Bill Cabrera
|
0-0: Foul Ball, location: 2F 0-1: Ball 1-1: Called Strike 1-2: Strikes out swinging
|
| Top of the 5th over - 0 runs, 1 hit, 0 errors, 3 left on base; Fresno 3 - Omaha 5 |
| BOTTOM OF THE 5TH |
|
Omaha Storm Chasers batting - Pitching for Fresno Grizzlies : RHP Gerardo Huerta
|
|
Batting: RHB Walt Cogswell
|
0-0: Ball 1-0: Foul Ball, location: 2F 1-1: Ball 2-1: Swinging Strike 2-2: Foul Ball, location: 2F 2-2: Strikes out swinging
|
|
Batting: RHB Ken Postlethwaite
|
0-0: Ball 1-0: Swinging Strike 1-1: Ball 2-1: Ball 3-1: SINGLE (Groundball, 6MD, EV 106.9 MPH)
|
|
Batting: RHB Danny Weisse
|
0-0: Called Strike 0-1: Ball 1-1: Foul Ball, location: 2F 1-2: Strikes out swinging
|
|
Batting: LHB Danny Bailey
|
Pickoff Play to 1st, Runner tries for 2nd, OUT after rundown.
|
| Bottom of the 5th over - 0 runs, 1 hit, 0 errors, 0 left on base; Fresno 3 - Omaha 5 |
| TOP OF THE 6TH |
|
Fresno Grizzlies batting - Pitching for Omaha Storm Chasers : RHP Kevin Fleming
|
|
Pitching: RHP Elijah Lewis
|
|
|
Batting: LHB Fernando Gomez
|
0-0: Ball 1-0: Foul Ball, location: 2F 1-1: Foul Ball, location: 2F 1-2: DOUBLE (Line Drive, 78D, EV 108.1 MPH)
|
|
Batting: RHB Marty King
|
0-0: Called Strike 0-1: Swinging Strike 0-2: DOUBLE (Line Drive, 9LD, EV 113.1 MPH) Fernando Gomez scores
|
|
Batting: RHB Bruce Bermudez
|
0-0: Called Strike 0-1: Ground out 5-3 (Groundball, 5, EV 81.2 MPH)
|
|
Batting: LHB Chris Cabrera
|
0-0: Ball 1-0: Swinging Strike 1-1: Ball 2-1: 2-RUN HOME RUN (Flyball, 89XD, EV 105.0 MPH), Distance : 402 ft
|
|
Pitching: RHP Matthew Orphan
|
|
|
Batting: RHB Elijah Hunter
|
0-0: Ball 1-0: Ball 2-0: Called Strike 2-1: Swinging Strike 2-2: Strikes out swinging
|
|
Batting: LHB Angelo Vasquez
|
0-0: Foul Ball, location: 2F 0-1: Foul Ball, location: 2F 0-2: Foul Ball, location: 2F 0-2: Strikes out swinging
|
| Top of the 6th over - 3 runs, 3 hits, 0 errors, 0 left on base; Fresno 6 - Omaha 5 |
| BOTTOM OF THE 6TH |
|
Omaha Storm Chasers batting - Pitching for Fresno Grizzlies : RHP Gerardo Huerta
|
|
Batting: LHB Danny Bailey
|
0-0: Ball 1-0: Swinging Strike 1-1: Ball 2-1: Ball 3-1: Foul Ball, location: 2F 3-2: Base on Balls
|
|
Batting: SHB Francisco Gutierrez
|
0-0: Ball 1-0: Swinging Strike 1-1: Grounds out, U3 (Groundball, 3L, EV 84.4 MPH)
|
|
Batting: RHB Yuichi Takata
|
0-0: Ball 1-0: Ball 2-0: Ground out U3 (Groundball, 34S, EV 93.1 MPH) Danny Bailey to third
|
|
Pitching: RHP Bobby Leija
|
|
|
Batting: RHB Adam Krieger
|
0-0: Ball 1-0: Foul Ball, location: 2F 1-1: Foul Ball, location: 2F 1-2: Foul Ball, location: 2F 1-2: Strikes out looking
|
| Bottom of the 6th over - 0 runs, 0 hits, 0 errors, 1 left on base; Fresno 6 - Omaha 5 |
| TOP OF THE 7TH |
|
Fresno Grizzlies batting - Pitching for Omaha Storm Chasers : RHP Matthew Orphan
|
|
Batting: RHB Mark Marks
|
0-0: Ball 1-0: Swinging Strike 1-1: Ball 2-1: Ball 3-1: Foul Ball, location: 2F 3-2: Base on Balls
|
|
Batting: SHB Paskar Adegoke
|
0-0: Called Strike 0-1: Ball 1-1: Ball 2-1: Fly out, F2 (Popup, 23F, EV 91.2 MPH)
|
|
Batting: RHB Bill Cabrera
|
0-0: Ball 1-0: Foul Ball, location: 2F 1-1: Swinging Strike 1-2: Strikes out swinging
|
|
Batting: LHB Fernando Gomez
|
0-0: Ball Mark Marks steals 2nd base 1-0: SINGLE (Line Drive, 3D, EV 95.6 MPH) Mark Marks to third Runner from 3rd tries for Home, SAFE, throw by RF to home
|
|
Batting: RHB Marty King
|
0-0: Called Strike Fernando Gomez is caught stealing 2nd base 2-4
|
| Top of the 7th over - 1 run, 1 hit, 0 errors, 0 left on base; Fresno 7 - Omaha 5 |
| BOTTOM OF THE 7TH |
|
Omaha Storm Chasers batting - Pitching for Fresno Grizzlies : RHP Bobby Leija
|
|
Batting: LHB Chris Eaker
|
0-0: Foul Ball, location: 2F 0-1: Ball 1-1: Foul Ball, location: 2F 1-2: Strikes out swinging
|
|
Batting: LHB Jim Pankratz
|
0-0: Foul Ball, location: 2F 0-1: Foul Ball, location: 2F 0-2: Strikes out looking
|
|
Batting: RHB Walt Cogswell
|
0-0: Ball 1-0: Ball 2-0: Swinging Strike 2-1: Fly out, F8 (Flyball, 8RM, EV 96.2 MPH)
|
| Bottom of the 7th over - 0 runs, 0 hits, 0 errors, 0 left on base; Fresno 7 - Omaha 5 |
| TOP OF THE 8TH |
|
Fresno Grizzlies batting - Pitching for Omaha Storm Chasers : RHP Matthew Orphan
|
|
Pitching: RHP Terry Romaine
|
|
|
Batting: RHB Marty King
|
0-0: Foul Ball, location: 2F 0-1: Called Strike 0-2: Ball 1-2: Strikes out swinging
|
|
Batting: RHB Bruce Bermudez
|
0-0: Foul Ball, location: 2F 0-1: Swinging Strike 0-2: Ball 1-2: Strikes out swinging
|
|
Batting: LHB Chris Cabrera
|
0-0: Ball 1-0: Ball 2-0: Ground out 4-3 (Groundball, 4, EV 101.9 MPH)
|
| Top of the 8th over - 0 runs, 0 hits, 0 errors, 0 left on base; Fresno 7 - Omaha 5 |
| BOTTOM OF THE 8TH |
|
Omaha Storm Chasers batting - Pitching for Fresno Grizzlies : RHP Bobby Leija
|
|
Batting: RHB Ken Postlethwaite
|
0-0: Called Strike 0-1: Ball 1-1: Ball 2-1: Foul Ball, location: 2F 2-2: Ball 3-2: Foul Ball, location: 2F 3-2: Foul Ball, location: 2F 3-2: Fly out, F8 (Flyball, 8RM, EV 89.4 MPH)
|
|
Batting: RHB Danny Weisse
|
0-0: Foul Ball, location: 2F 0-1: SINGLE (Groundball, 4D, EV 103.8 MPH)
|
|
Batting: LHB Danny Bailey
|
0-0: Ball 1-0: Ball 2-0: Called Strike 2-1: Grounds into double play, 5-4-3 (Groundball, 56, EV 110.0 MPH)
|
| Bottom of the 8th over - 0 runs, 1 hit, 0 errors, 0 left on base; Fresno 7 - Omaha 5 |
| TOP OF THE 9TH |
|
Fresno Grizzlies batting - Pitching for Omaha Storm Chasers : RHP Terry Romaine
|
|
Batting: RHB Elijah Hunter
|
0-0: Foul Ball, location: 2F 0-1: Ball 1-1: Ball 2-1: Fly out, F4 (Flyball, 4MD, EV 91.9 MPH)
|
|
Batting: LHB Angelo Vasquez
|
0-0: Called Strike 0-1: Ball 1-1: Ball 2-1: Fly out, F7 (Flyball, 78S, EV 80.0 MPH)
|
|
Batting: RHB Mark Marks
|
0-0: Ball 1-0: Ground out 4-3 (Groundball, 4, EV 81.9 MPH)
|
| Top of the 9th over - 0 runs, 0 hits, 0 errors, 0 left on base; Fresno 7 - Omaha 5 |
| BOTTOM OF THE 9TH |
|
Omaha Storm Chasers batting - Pitching for Fresno Grizzlies : RHP Bobby Leija
|
|
Now in CF: Bruce Bermudez
|
|
|
Now in RF: Kelvin Jones
|
|
|
Batting: SHB Francisco Gutierrez
|
0-0: Called Strike 0-1: Ball 1-1: Ball 2-1: Called Strike 2-2: Fly out, F1 (Line Drive, P, EV 69.4 MPH)
|
|
Pinch Hitting: LHB Shigeru Ono
|
0-0: Ball 1-0: Foul Ball, location: 2F 1-1: Swinging Strike 1-2: Ball 2-2: Foul Ball, location: 2F 2-2: Fly out, F7 (Flyball, 7S, EV 87.5 MPH)
|
|
Pinch Hitting: LHB Willie Gutierrez
|
0-0: Called Strike 0-1: Foul Ball, location: 2F 0-2: Ball 1-2: Ball 2-2: Foul Ball, location: 2F 2-2: Foul Ball, location: 2F 2-2: Ball 3-2: Strikes out looking
|
| Bottom of the 9th over - 0 runs, 0 hits, 0 errors, 0 left on base; Fresno 7 - Omaha 5 |
|